 Dungeon Crawl Stone Soup version 0.24-a0-408-gcc1054c7ca (webtiles) character file.

Game seed: 13962958890255008862

18160 nikopol the Eclecticist (level 12, -9/60 HPs)
             Began as a Deep Elf Fire Elementalist on June 4, 2019.
             Was a Priest of Vehumet.
             Mangled by a five-headed hydra (16 damage)
             ... on level 8 of the Dungeon on June 5, 2019.
             The game lasted 00:36:11 (14747 turns).

nikopol the Eclecticist (DEFE)                     Turns: 14747, Time: 00:36:11

Health: -9/60      AC:  7    Str:  8    XL:     12   Next: 25%
Magic:  40/42      EV: 14    Int: 26    God:    Vehumet [***...]
Gold:   686        SH:  4    Dex: 15    Spells: 23/41 levels left

rFire    . . .     SeeInvis .   A - +5 whip "Bulyth" {elec, rElec rN+ Str+3}
rCold    + . .     Gourm    .   (no shield)
rNeg     + . .     Faith    .   a - +0 robe
rPois    .         Spirit   .   v - +2 hat
rElec    +         Reflect  +   P - +0 cloak
rCorr    .         Harm     .   U - +0 pair of gloves
MR       +....                  L - +0 pair of boots
Stlth    +++.......             j - +4 amulet of reflection
HPRegen  0.20/turn              D - ring of magical power
MPRegen  0.28/turn              s - ring of protection from cold

@: hasted, very quick
A: no striking features
a: Renounce Religion


You were on level 8 of the Dungeon.
You worshipped Vehumet.
Vehumet was most pleased with you.
You were near starving.

You visited 3 branches of the dungeon, and saw 14 of its levels.

You collected 686 gold pieces.

Inventory:

Hand Weapons
 d - a +2 dagger of freezing
 A - the +5 whip "Bulyth" (weapon) {elec, rElec rN+ Str+3}
   (You found it on level 6 of the Dungeon)

   Occasionally, upon striking a foe, it will discharge some electrical energy
   and cause terrible harm.
   It affects your strength (+3).
   It insulates you from electricity.
   It protects you from negative energy.
Armour
 a - a +0 robe (worn)
 v - a +2 hat (worn)
 L - a +0 pair of boots (worn)
 P - a +0 cloak (worn)
 U - a +0 pair of gloves (worn)
Jewellery
 h - an uncursed ring of stealth
 j - a +4 amulet of reflection (around neck)
 s - a ring of protection from cold (right hand)
 x - an uncursed amulet of magic regeneration
 D - a ring of magical power (left hand)
 G - an uncursed ring of protection from magic {unknown}
 N - a +4 ring of slaying {unknown}
Wands
 n - a wand of paralysis (10)
 z - a wand of flame (38)
 K - a wand of acid (12)
 M - a wand of iceblast (26)
 O - a wand of digging (10)
 R - a wand of disintegration (19)
 S - a wand of polymorph (5)
Scrolls
 b - 6 scrolls of enchant armour {unknown}
 g - 2 scrolls of noise {unknown}
 k - 3 scrolls of immolation {unknown}
 l - 5 scrolls of teleportation {unknown}
 m - 9 scrolls of remove curse
 w - 5 scrolls of blinking {unknown}
 y - 3 scrolls of fog {unknown}
 E - 3 scrolls of enchant weapon {unknown}
 H - 5 scrolls of identify
 T - a scroll of fear {unknown}
Potions
 e - 2 potions of haste
 f - 2 potions of might
 i - 3 potions of curing
 o - 2 potions of resistance
 p - a potion of degeneration {unknown}
 q - 2 potions of magic
 r - 3 potions of mutation
 t - 2 potions of brilliance
 u - a potion of heal wounds {unknown}
 B - 3 potions of cancellation
 C - a potion of flight {unknown}
 F - a potion of ambrosia {unknown}
 I - a potion of invisibility {unknown}
 J - 2 potions of agility {unknown}
 Q - a potion of berserk rage {unknown}
Comestibles
 c - 20 rations


   Skills:
 + Level 1.1 Fighting
 - Level 0.4 Short Blades
 + Level 4.3 Dodging
 + Level 5.0 Stealth
 + Level 15.3 Spellcasting
 + Level 11.7 Conjurations
 + Level 12.3 Fire Magic


You had 23 spell levels left.
You knew the following spells:

 Your Spells              Type           Power        Failure   Level  Hunger
a - Flame Tongue          Conj/Fire      #####        0%          1    None
b - Throw Flame           Conj/Fire      ######       1%          2    None
c - Conjure Flame         Conj/Fire      ######..     1%          3    None
d - Sticky Flame          Conj/Fire      ######..     1%          4    None
e - Fireball              Conj/Fire      ######....   1%          5    #......
f - Stone Arrow           Conj/Erth      ######       1%          3    None

Your spell library contained the following spells:

 Spells                   Type           Power        Failure   Level  Hunger
 Ignite Poison            Fire/Tmut/Pois #####...     1%          3    None
 Sandblast                Erth           ###...       1%          1    None
 Inner Flame              Hex/Fire       ######..     1%          3    None
 Animate Skeleton         Necr           N/A          2%          1    None
 Corona                   Hex            ###....      2%          1    None
 Pain                     Necr           ###.         2%          1    None
 Passwall                 Tmut/Erth      ###.....     4%          2    None
 Slow                     Hex            ###.....     4%          2    None
 Portal Projectile        Hex/Tloc       ###...       9%          3    None
 Regeneration             Chrm/Necr      ###.......   9%          3    None
 Vampiric Draining        Necr           ###.......   9%          3    None
 Lee's Rapid Deconstruct  Erth           ###.......   19%         5    #......
 Animate Dead             Necr           N/A          26%         4    None
 Cause Fear               Hex            ###.......   26%         4    None
 Leda's Liquefaction      Hex/Erth       ###.......   26%         4    None
 Petrify                  Tmut/Erth      ###.....     26%         4    None


Dungeon Overview and Level Annotations

Branches:
Dungeon (12/15)            Temple (1/1) D:6            Lair (1/6) D:8
    Orc (0/2) D:10

Altars:
Ashenzari
Cheibriados
Dithmenos
Elyvilon
Fedhas
Gozag
Hepliaklqana
Kikubaaqudgha
Makhleb
Nemelex Xobeh
Okawaru
Qazlal
Ru
Sif Muna
Trog
Uskayaw
Vehumet
Wu Jian
Xom
Yredelemnul
Zin
The Shining One

Shops:
D:7 !

Annotations:
D:8 1 runed translucent door, conein's ghost, novice OgBe


Message History

The five-headed hydra burns!
The five-headed hydra closely misses you.
You block the five-headed hydra's attack.
The five-headed hydra completely misses you.
The five-headed hydra misses you.
The five-headed hydra bites you but does no damage.
You climb upwards.
Welcome back to the Dungeon!
Level annotation: 1 runed translucent door, conein's ghost, novice OgBe
There is a staircase to the Lair here.
The five-headed hydra burns!
The five-headed hydra stops burning.
The five-headed hydra barely misses you.
The five-headed hydra bites you! x2
* * * LOW HITPOINT WARNING * * *
The five-headed hydra bites you.
* * * LOW HITPOINT WARNING * * *
The five-headed hydra bites you but does no damage.
You see here a dagger.
There is an open door here.
You feel yourself speed up. The five-headed hydra bites you!
You die...

...####.########'### #.......#
..8.#....#....#...# #.......#
._..#....#....'...### #.......#
8.8.#....#......P...###.......#
...#########...PP.PP.P#.......#
####..........P....P...#......#
#..........P...P..P.#......#
####........PPPP.....P........###
............P.P#@##..............
...........P...#D)#..PP..........
....#+####.PP.P#.>#P.....#####...
....#......P...####..P.......'...
#####......PP.P...PP.P.P.....#...
...########...P...P....+###..#...
...##..#......P..PP.....####+#...
.......#.........P.P.P.......#...
.......#......P......#.......#...


You could see a five-headed hydra.

Vanquished Creatures
  A hydra (D:11)
  A two-headed ogre (D:10)
  A deep elf mage (D:12)
  4 cyclopes (D:12)
  2 ugly things
  A manticore (D:11)
  Joseph (D:7)
  2 gargoyles
  A kobold demonologist (D:12)
  A troll (D:12)
  Prince Ribbit (D:8)
  4 hippogriffs
  A shadow (D:10)
  A wraith (D:11)
  14 yaks
  4 hogs (D:7)
  4 hungry ghosts
  A human (D:7)
  7 vampire mosquitoes
  6 swamp worms (D:10)
  A water moccasin (D:12)
  A soldier ant (D:11)
  Duvessa (D:6)
  2 porcupines (D:8)
  3 sky beasts
  5 ice beasts
  A black bear (D:8)
  A necrophage (D:6)
  4 orc warriors
  2 phantoms
  3 ogres
  2 eyes of draining
  7 centaurs
  A big kobold (D:9)
  5 bullfrogs
  A wyvern zombie (D:7)
  A water moccasin skeleton (D:6)
  Dowan (D:6)
  4 scorpions
  5 killer bees (D:9)
  3 wights (D:7)
  3 howler monkeys
  A crimson imp (D:12)
  3 quasits
  3 centaur zombies
  6 orc priests
  12 orc wizards
  5 hounds
  3 jellies
  3 bullfrog skeletons (D:8)
  A centaur skeleton (D:8)
  2 iguanas
  11 worker ants
  2 hound zombies (D:6)
  A howler monkey zombie (D:6)
  Robin (D:2)
  2 worker ant zombies
  13 adders
  2 shadow imps
  2 oozes (D:1)
  3 adder skeletons
  A worm (D:2)
  4 dart slugs
  7 leopard geckos
  33 orcs
  6 bats
  3 giant cockroaches
  14 goblins
  6 hobgoblins
  7 jackals
  3 quokkas
  4 ball pythons
  3 frilled lizards
  A giant cockroach zombie (D:6)
  9 kobolds
  2 leopard gecko skeletons (D:4)
  5 rats
299 creatures vanquished.

Vanquished Creatures (others)
  An orc (D:11)
  3 fungi (D:8)
  4 plants (D:10)
  2 withered plants (D:8)
10 creatures vanquished.

Grand Total: 309 creatures vanquished

Notes
Turn   | Place    | Note
-------+----------+-------------------------------------------
     0 | D:1      | nikopol the Deep Elf Fire Elementalist began the quest for
                  | the Orb.
     0 | D:1      | Reached XP level 1. HP: 10/10 MP: 6/6
   155 | D:1      | Reached XP level 2. HP: 15/15 MP: 5/8
   420 | D:1      | Reached XP level 3. HP: 19/19 MP: 5/9
   424 | D:1      | Learned a level 2 spell: Throw Flame
   428 | D:1      | Learned a level 3 spell: Conjure Flame
   760 | D:2      | Found an iron altar of Okawaru.
   991 | D:2      | Reached XP level 4. HP: 24/24 MP: 8/11
  1062 | D:2      | Reached skill level 4 in Spellcasting
  1071 | D:2      | Learned a level 4 spell: Sticky Flame
  1071 | D:2      | Upgraded the game from 0.24-a0-397-g73b976d855 to
                  | 0.24-a0-408-gcc1054c7ca
  1189 | D:2      | Noticed Robin
  1638 | D:2      | Found a deep blue altar of Sif Muna.
  1945 | D:2      | Killed Robin
  2380 | D:3      | Reached XP level 5. HP: 28/28 MP: 11/13
  2534 | D:3      | Found a glowing silver altar of Zin.
  3514 | D:4      | Reached skill level 5 in Fire Magic
  3519 | D:4      | Reached XP level 6. HP: 32/32 MP: 7/15
  3639 | D:4      | Reached skill level 5 in Spellcasting
  3739 | D:4      | Found a sacrificial altar of Ru.
  4138 | D:4      | Learned a level 5 spell: Fireball
  4160 | D:5      | Entered Level 5 of the Dungeon
  5100 | D:6      | Reached XP level 7. HP: 36/36 MP: 12/17
  5108 | D:6      | Noticed Duvessa
  5108 | D:6      | Noticed Dowan
  5136 | D:6      | Reached skill level 6 in Spellcasting
  5371 | D:6      | Got a bloodstained whip
  5372 | D:6      | Identified the +5 whip "Bulyth" {elec, rElec rN+ Str+3}
                  | (You found it on level 6 of the Dungeon)
  5396 | D:6      | Found a shadowy altar of Dithmenos.
  5454 | D:6      | Killed Dowan
  5525 | D:6      | Found a staircase to the Ecumenical Temple.
  5530 | D:6      | Reached skill level 5 in Conjurations
  5545 | Temple   | Entered the Ecumenical Temple
  5778 | D:6      | Killed Duvessa
  5778 | D:6      | Reached skill level 7 in Spellcasting
  5778 | D:6      | Reached XP level 8. HP: 30/41 MP: 17/20
  6127 | D:7      | Found an ornate altar of the Wu Jian Council.
  6136 | D:7      | Noticed Joseph
  6147 | D:7      | Noticed a hippogriff
  6158 | D:7      | Killed a hippogriff
  6357 | D:7      | Killed Joseph
  6357 | D:7      | Reached skill level 8 in Spellcasting
  6566 | D:7      | Learned a level 3 spell: Stone Arrow
  6790 | D:7      | Reached XP level 9. HP: 40/45 MP: 22/23
  6794 | D:7      | Reached skill level 9 in Spellcasting
  7106 | D:7      | Found Pucvoudo's Distillery.
  7289 | D:7      | Found a white marble altar of Elyvilon.
  7486 | D:8      | Reached skill level 10 in Spellcasting
  7981 | D:8      | Found a staircase to the Lair.
  8068 | D:8      | Reached XP level 10. HP: 51/51 MP: 26/26
  8140 | D:8      | Found a sparkling altar of Nemelex Xobeh.
  8143 | D:8      | Found a white marble altar of Elyvilon.
  8146 | D:8      | Found an ancient bone altar of Kikubaaqudgha.
  8149 | D:8      | Found a stormy altar of Qazlal.
  8214 | D:8      | Found a runed translucent door.
  8214 | D:8      | Noticed conein's ghost (novice OgBe)
  8220 | D:8      | Found a radiant altar of Vehumet.
  8239 | D:8      | Noticed Prince Ribbit
  8243 | D:8      | Killed Prince Ribbit
  8243 | D:8      | Reached skill level 11 in Spellcasting
  8525 | D:8      | Became a worshipper of Vehumet
  8647 | D:8      | Got a fine ivory amulet
  8648 | D:8      | Identified the amulet of Descent {+Rage Str+3 Int+4} (You
                  | found it on level 8 of the Dungeon)
  8791 | D:8      | Found a radiant altar of Vehumet.
  8926 | Lair:1   | Entered Level 1 of the Lair of Beasts
  8926 | Lair:1   | Noticed a five-headed hydra
  8966 | D:9      | Found a burning altar of Makhleb.
  9451 | D:9      | Reached * piety under Vehumet
  9451 | D:9      | Offered knowledge of Magic Dart by Vehumet.
  9665 | D:10     | Entered Level 10 of the Dungeon
  9725 | D:10     | Reached skill level 10 in Fire Magic
  9835 | D:10     | Reached skill level 12 in Spellcasting
  9875 | D:10     | Noticed a gargoyle
  9876 | D:10     | Reached skill level 5 in Stealth
  9884 | D:10     | Killed a gargoyle
 10030 | D:10     | Found a staircase to the Orcish Mines.
 10815 | D:11     | Noticed a two-headed ogre
 10826 | D:10     | Killed a two-headed ogre
 10826 | D:10     | Reached skill level 13 in Spellcasting
 10826 | D:10     | Reached skill level 10 in Conjurations
 10826 | D:10     | Reached XP level 11. HP: 29/55 MP: 21/30
 11277 | D:11     | Noticed a green ugly thing
 11280 | D:11     | Killed a green ugly thing
 11280 | D:11     | Reached skill level 1 in Fighting
 11562 | D:11     | Offered knowledge of Sting by Vehumet.
 11566 | D:11     | Reached ** piety under Vehumet
 12213 | D:11     | Reached skill level 14 in Spellcasting
 12552 | D:11     | Noticed a six-headed hydra
 12574 | D:11     | Killed a six-headed hydra
 13253 | D:12     | Noticed a green ugly thing
 13257 | D:12     | Killed a green ugly thing
 13258 | D:12     | Offered knowledge of Ignite Poison by Vehumet.
 13259 | D:12     | Noticed a deep elf mage
 13684 | D:12     | Reached XP level 12. HP: 58/60 MP: 32/32
 13919 | D:12     | Reached *** piety under Vehumet
 13919 | D:12     | Reached skill level 15 in Spellcasting
 14747 | D:8      | Mangled by a five-headed hydra

Levels and vault maps discovered:
D:1:      lemuel_arrival_broad_hall, layout_basic, hex_large
D:2:      layout_basic, led_sif_pool, okawaru_ov_weapons_minmay, first_ration,
          uniq_robin
D:3:      layout_loops_corners, lemuel_coloured_pillars_altar, minivault_25
D:4:      layout_layer_cave, lemuel_crystal_altar, kennysheep_generic_room_4
D:5:      layout_rooms
D:6:      layout_loops_ring, overflow_temple_1_default,
          minmay_temple_entry_slanted, minmay_misc_feat_tower,
          minmay_quadrilaterals, uniq_duvessa
D:7:      layout_gridville, nicolae_overflow_crystal_walls, serial_shops,
          kennysheep_little_box, grunt_livestock, hangedman_decor_growths,
          elyvilon_altar_5, uniq_joseph
D:8:      layout_gridville, kennysheep_mini_moat,
          grunt_temple_overflow_cloverleaf, grunt_lair_entry_orc_guard_hut,
          gammafunk_ghost_grave, vehumet_altar_wand_db, uniq_prince_ribbit1
D:9:      layout_roguey, lemuel_doored_altar, serial_curves, eino_curves_01,
          eino_curves_02
D:10:     layout_stronghold, orc_0_dummy, worms_lemuel
D:11:     layout_grid_maze, enter_bailey_1
D:12:     layout_stronghold
Temple:   eino_wide_crystal_templ
Lair:1:   layout_cave_pods, lemuel_oklob_altar, uniq_grum

Skill      XL: |  1  2  3  4  5  6  7  8  9 10 11 12 |
---------------+-------------------------------------+-----
Stealth        | 3 4 5 |  5.0
Fire Magic     | 4 5 6 7 9 10 12 | 12.3
Spellcasting   | 4 5 7 8 10 13 14 15 | 15.3
Conjurations   | 2 3 4 5 7 8 10 11 | 11.7
Dodging        | 3 4 |  4.3
Fighting       | 1 |  1.1
Short Blades   | |  0.4

Action                   |  1- 3 |  4- 6 |  7- 9 | 10-12 || total
-------------------------+-------+-------+-------+-------++-------
Melee: Dagger            |       |    32 |       |       ||    32
       Whip              |       |       |       |     1 ||     1
 Cast: Flame Tongue      |    54 |   117 |   164 |   134 ||   469
       Throw Flame       |     1 |    21 |    33 |     8 ||    63
       Conjure Flame     |     1 |       |     4 |     4 ||     9
       Sticky Flame      |       |     2 |    23 |    43 ||    68
       Fireball          |       |       |     2 |   113 ||   115
       Stone Arrow       |       |       |       |     2 ||     2
  Use: Scroll            |       |     5 |       |     5 ||    10
       Potion            |       |       |       |     1 ||     1
  Eat: Chunk             |       |    10 |    10 |    23 ||    43
       Ration            |       |     1 |     1 |     1 ||     3
Armor: Robe              |     6 |     5 |    12 |    17 ||    40
Dodge: Dodged            |    14 |    35 |    31 |    58 ||   138
Block: Other             |     1 |    13 |    11 |    15 ||    40
       Reflection        |       |       |     3 |     2 ||     5

Table legend:
 A = Non-vault XP
 B = Vault XP
 C = Vault XP percentage of total XP
 D = Non-vault monster count
 E = Vault monster count
 F = Vault count percentage of total count
                 A         B        C        D         E       F
            +---------+---------+-------+---------+---------+-------
      Total |   22118 |    3826 |  14.7 |     267 |      33 |  11.0
            +---------+---------+-------+---------+---------+-------
        D:1 |      54 |       0 |   0.0 |      21 |       0 |   0.0
        D:2 |      98 |      28 |  22.2 |      17 |       8 |  32.0
        D:3 |      59 |       0 |   0.0 |      19 |       0 |   0.0
        D:4 |     204 |       0 |   0.0 |      16 |       0 |   0.0
        D:5 |     134 |       0 |   0.0 |       5 |       0 |   0.0
        D:6 |     568 |     298 |  34.4 |      17 |       5 |  22.7
        D:7 |    1199 |    1434 |  54.5 |      32 |       6 |  15.8
        D:8 |    1649 |    1096 |  39.9 |      28 |       8 |  22.2
        D:9 |    1158 |       0 |   0.0 |      24 |       0 |   0.0
       D:10 |    2429 |     970 |  28.5 |      15 |       6 |  28.6
       D:11 |    7285 |       0 |   0.0 |      42 |       0 |   0.0
       D:12 |    7281 |       0 |   0.0 |      31 |       0 |   0.0
            +---------+---------+-------+---------+---------+-------
